cohdb
Replays
Latest Replays
All Replays
Popular Replays
Top Player Replays
Match Explorer
How It Works
Community
CoH3 Stats
Reddit
Sign in to upload your games and track your stats! →
Sign in with Steam
Match 33545673
Unlisted
Match 33545673
Overview
Messages
Build Orders
End
Kradschützen Motorcycle Team
Panzerpioneer Squad
250 Light Carrier
Construct Light Support Kompanie
Combat Half-tracks
Assault Grenadier Squad
Fire Support Elements
Assault Mechanized Group
Pak 38 Anti-tank Gun Team
MG34 Team
Veteran Squad Leaders
Construct Panzerarmee Kommand
Flak 36 Anti-tank Gun Team
Armored Reserves
Vehicle Survival Package
Emergency Repair Kits
Rapid Advance
Advanced Field Repairs
Selects Italian Infantry
Selects Guastatori Squad
Selects Registered Artillery
Selects Sound the Alarm
Selects Prepared Positions
Registered Artillery
Chocoboi
Kakashi
Lt.Fox
Marce (Arg)
Bruistablet
Professor gibberish
A4ELOVEKMALEKULA
малыш SCRAPSTER ツ
0
0
Comments
sign in to comment!
No comments posted yet!